Blackhawks vs Flyers
(R1)
Created - March 21, 2018 at 23:02
Goals
|
| Blackhawks |
0 |
1 |
0 |
1 |
| Flyers |
0 |
0 |
3 |
3 |
|
Shots
|
| Blackhawks |
12 |
15 |
5 |
32 |
| Flyers |
7 |
12 |
10 |
29 |
|
1st period
No Goal
Penalties :
Matt Smaby (Phi) for Cross-checking (Minor) at 0:57, Kyle Wellwood (Phi) for Holding (Minor) at 3:31, Tom Poti (Phi) for Tripping (Minor) at 16:14
2nd period
1. Blackhawks , Peter Regin 17 (Denis Grebeshkov 15, Jarome Iginla 22) at 9:59
Penalties :
Oliver Ekman-Larsson (Phi) for Slashing (Minor) at 6:12, Oliver Ekman-Larsson (Phi) for Hooking (Minor) at 11:08
3rd period
2. Flyers , Randy Jones 1 (Brian McGrattan 13, Matthew Lombardi 8) at 9:09
3. Flyers , Jeff Carter 41 (Dany Heatley 25, Jonathan Ericsson 19) at 10:11
4. Flyers , Drew Miller 14 (Tom Poti 9) at 19:35 (SH) (Empty Net)
Penalties :
Antoine Roussel (Chi) for Hooking (Minor) at 0:40, Tom Poti (Phi) for Hooking (Minor) at 4:05, Peter Regin (Chi) for Interference (Minor) at 12:14, Oliver Ekman-Larsson (Phi) for Roughing (Minor) at 18:51
Goalie Stats
Jimmy Howard (Chi), 26 saves from 28 shots - (0.929), L, 20-28-10, 59:25 minutes
Cory Schneider (Phi), 31 saves from 32 shots - (0.969), W, 13-12-6, 60:00 minutes
Players Stats for Blackhawks
Player Name G A P +/- PIM S H SB GA TA FO MP PP MP PK MP
------------------------------------------------------------------------------------
Antoine Roussel 0 0 0 -2 2 2 2 1 1 1 0/1 21:35 6:47 0:00
Chad Larose 0 0 0 1 0 1 0 0 0 1 0/1 16:54 6:10 0:00
Denis Grebeshkov 0 1 1 0 0 6 2 2 0 1 0/0 21:30 5:07 0:51
Derick Brassard 0 0 0 -2 0 6 1 0 0 0 13/30 23:08 6:47 2:10
Jaden Schwartz 0 0 0 -1 0 1 0 0 0 0 0/1 9:20 0:00 1:22
Jarome Iginla 0 1 1 -2 0 4 6 0 2 1 0/1 23:13 6:47 2:10
Joni Pitkanen 0 0 0 -2 0 2 1 1 0 1 0/0 28:35 7:55 2:24
Kevin Marshall 0 0 0 0 0 0 1 0 0 0 0/0 9:55 0:00 0:43
Kyle Brodziak 0 0 0 -1 0 0 0 0 0 0 1/4 7:15 0:00 0:10
Ladislav Smid 0 0 0 0 0 1 1 0 0 0 0/0 21:30 5:07 0:51
Mike Green 0 0 0 -2 0 3 3 4 3 2 0/0 28:35 7:55 2:24
Peter Regin 1 0 1 1 2 1 2 1 1 0 4/12 17:45 6:10 0:16
Ryan Johansen 0 0 0 0 0 0 0 0 0 0 2/9 11:36 0:00 1:38
Spencer Machacek 0 0 0 -1 0 3 1 0 0 1 0/0 8:04 0:05 0:00
Taylor Pyatt 0 0 0 0 0 0 1 0 0 1 1/1 10:03 0:05 0:10
Tomas Fleischmann 0 0 0 1 0 1 3 1 0 0 0/0 16:54 6:10 0:00
Tomas Kaberle 0 0 0 0 0 0 0 0 0 0 0/0 9:55 0:00 0:43
Tyler Kennedy 0 0 0 0 0 1 0 0 0 0 0/0 10:13 0:05 0:00
Players Stats for Flyers
Player Name G A P +/- PIM S H SB GA TA FO MP PP MP PK MP
------------------------------------------------------------------------------------
Brian McGrattan 0 1 1 1 0 2 1 0 1 0 0/0 9:19 0:41 0:00
Chris Mcallister 0 0 0 1 0 0 0 0 0 0 0/0 9:19 0:39 0:00
Dany Heatley 0 1 1 0 0 0 4 1 2 0 0/0 23:06 1:39 7:12
Drew Miller 1 0 1 1 0 2 0 0 0 0 1/1 18:44 1:29 4:26
J.T. Miller 0 0 0 0 0 2 0 1 0 0 0/0 8:58 0:26 1:22
Jakub Voracek 0 0 0 0 0 7 2 0 1 0 0/0 14:19 1:29 0:00
Jaromir Jagr 0 0 0 1 0 1 2 0 0 0 2/2 19:05 1:38 4:26
Jeff Carter 1 0 1 0 0 2 2 0 1 1 18/32 23:22 1:38 7:01
Jeff Woywitka 0 0 0 0 0 1 1 1 0 2 0/0 27:55 2:41 7:54
Jonathan Ericsson 0 1 1 0 0 2 3 0 2 0 0/0 27:04 2:41 7:19
Kyle Wellwood 0 0 0 0 2 1 4 0 0 1 10/15 14:45 1:29 0:00
Marcus Kruger 0 0 0 0 0 0 0 0 0 0 3/5 7:02 0:12 0:00
Mats Zuccarello 0 0 0 0 0 0 0 0 0 0 0/0 6:36 0:34 0:00
Matt Smaby 0 0 0 1 2 1 0 0 0 0 0/0 12:58 0:13 0:10
Matthew Lombardi 0 1 1 1 0 1 0 0 1 0 5/5 11:07 0:00 1:37
Oliver Ekman-Larsson 0 0 0 0 6 3 1 0 0 1 0/0 18:46 1:04 3:27
Randy Jones 1 0 1 2 0 2 0 2 0 0 0/0 15:00 0:13 3:13
Tom Poti 0 1 1 1 4 2 1 1 1 2 0/0 19:26 1:04 4:01
3 Stars
1 - Cory Schneider (Phi)
2 - Randy Jones (Phi)
3 - Drew Miller (Phi)
Power Play
Blackhawks - 0 on 7 Attempt(s) - 0.00%
Flyers - 0 on 2 Attempt(s) - 0.00%
Penalty Kill
Blackhawks - 2 on 2 Attempt(s) - 100.00%
- Score 0 goal in Penalty Kill
Flyers - 7 on 7 Attempt(s) - 100.00%
- Score 1 goal in Penalty Kill
Team Stat
Blackhawks - Hits : 24 - Faceoff Wins : 21 - Blocked Shots : 10 - Penalty Minutes : 4
Flyers - Hits : 21 - Faceoff Wins : 39 - Blocked Shots : 6 - Penalty Minutes : 14
Official
Referees : Ciamaga Chris and Kozari Steve
Linesman : Ryan Galloway and Scott Driscoll
Game Notes
Drew Miller has scored in a empty net!
Finance
Level 1 -- Attendance: 5240 (87.33%) -- Ticket Income $471,600
Level 2 -- Attendance: 4797 (95.94%) -- Ticket Income $263,835
Level 3 -- Attendance: 1920 (96.00%) -- Ticket Income $67,200
Level 4 -- Attendance: 3597 (89.93%) -- Ticket Income $89,925
Luxury Box -- Attendance: 719 (71.90%) -- Ticket Income $118,635
Game was played at the Wells Fargo Center.
Total Attendance: 16273 (90.41%)
Total Ticket Income: $1,011,195
Other Income: $151,679
Total Income: $1,162,874
Blackhawks
5 vs 5 Forward
Center Left Wing Right Wing Time % Phy DF OF
1 Derick Brassard Antoine Roussel Jarome Iginla 40 1 2 2
2 Peter Regin Tomas Fleischmann Chad Larose 30 1 2 2
3 Ryan Johansen Taylor Pyatt Tyler Kennedy 20 1 2 2
4 Kyle Brodziak Jaden Schwartz Spencer Machacek 10 1 2 2
5 vs 5 Defense
Defense Defense Time % Phy DF OF
1 Mike Green Joni Pitkanen 40 1 2 2
2 Denis Grebeshkov Ladislav Smid 30 1 2 2
3 Tomas Kaberle Kevin Marshall 20 1 2 2
4 Mike Green Joni Pitkanen 10 1 2 2
PowerPlay Forward
Center Left Wing Right Wing Time % Phy DF OF
1 Derick Brassard Antoine Roussel Jarome Iginla 60 1 2 2
2 Peter Regin Tomas Fleischmann Chad Larose 40 1 2 2
PowerPlay Defense
Defense Defense Time % Phy DF OF
1 Mike Green Joni Pitkanen 60 1 2 2
2 Denis Grebeshkov Ladislav Smid 40 1 2 2
Penalty Kill 4 Players Forward
Center Wing Time % Phy DF OF
1 Derick Brassard Jarome Iginla 60 1 2 2
2 Antoine Roussel Peter Regin 40 1 2 2
Penalty Kill 4 Players Defense
Defense Defense Time % Phy DF OF
1 Mike Green Joni Pitkanen 60 1 2 2
2 Denis Grebeshkov Ladislav Smid 40 1 2 2
Penalty Kill - 3 Players Forward
Forward Time % Phy DF OF
1 Derick Brassard 60 1 2 2
2 Jarome Iginla 40 1 2 2
Penalty Kill - 3 Players Defense
Defense Defense Time % Phy DF OF
1 Mike Green Joni Pitkanen 60 1 2 2
2 Denis Grebeshkov Ladislav Smid 40 1 2 2
4 vs 4 Forward
Center Wing Time % Phy DF OF
1 Derick Brassard Jarome Iginla 60 1 2 2
2 Antoine Roussel Peter Regin 40 1 2 2
4 vs 4 Defense
Defense Defense Time % Phy DF OF
1 Mike Green Joni Pitkanen 60 1 2 2
2 Denis Grebeshkov Ladislav Smid 40 1 2 2
Last Minutes Offensive
Center Left Wing Right Wing Defense Defense
Derick Brassard Antoine Roussel Jarome Iginla Mike Green Joni Pitkanen
Last Minutes Defensive
Center Left Wing Right Wing Defense Defense
Derick Brassard Antoine Roussel Jarome Iginla Mike Green Joni Pitkanen
Goaltenders
Starting : Jimmy Howard
Backup : Al Montoya
Extra Forwards
Normal : Taylor Pyatt, Tyler Kennedy, Ryan Johansen - PP : Taylor Pyatt, Tyler Kennedy - PK : Ryan Johansen
Extra Defensemen
Normal : Tomas Kaberle, Kevin Marshall, Denis Grebeshkov - PP : Tomas Kaberle - PK : Kevin Marshall, Denis Grebeshkov
Penalty Shots
Derick Brassard, Jarome Iginla, Antoine Roussel, Peter Regin, Tomas Fleischmann
Scratches
None
Flyers
5 vs 5 Forward
Center Left Wing Right Wing Time % Phy DF OF
1 Jeff Carter Dany Heatley Jaromir Jagr 40 1 2 2
2 Kyle Wellwood Drew Miller Jakub Voracek 30 1 2 2
3 Matthew Lombardi Chris Mcallister Brian McGrattan 20 1 2 2
4 Marcus Kruger J.T. Miller Mats Zuccarello 10 1 2 2
5 vs 5 Defense
Defense Defense Time % Phy DF OF
1 Jeff Woywitka Jonathan Ericsson 40 1 2 2
2 Oliver Ekman-Larsson Tom Poti 30 1 2 2
3 Matt Smaby Randy Jones 20 1 2 2
4 Jeff Woywitka Jonathan Ericsson 10 1 2 2
PowerPlay Forward
Center Left Wing Right Wing Time % Phy DF OF
1 Jeff Carter Dany Heatley Jaromir Jagr 60 1 2 2
2 Kyle Wellwood Drew Miller Jakub Voracek 40 1 2 2
PowerPlay Defense
Defense Defense Time % Phy DF OF
1 Jeff Woywitka Jonathan Ericsson 60 1 2 2
2 Oliver Ekman-Larsson Tom Poti 40 1 2 2
Penalty Kill 4 Players Forward
Center Wing Time % Phy DF OF
1 Jeff Carter Dany Heatley 60 1 2 2
2 Drew Miller Jaromir Jagr 40 1 2 2
Penalty Kill 4 Players Defense
Defense Defense Time % Phy DF OF
1 Jeff Woywitka Jonathan Ericsson 60 1 2 2
2 Oliver Ekman-Larsson Tom Poti 40 1 2 2
Penalty Kill - 3 Players Forward
Forward Time % Phy DF OF
1 Jeff Carter 60 1 2 2
2 Dany Heatley 40 1 2 2
Penalty Kill - 3 Players Defense
Defense Defense Time % Phy DF OF
1 Jeff Woywitka Jonathan Ericsson 60 1 2 2
2 Oliver Ekman-Larsson Tom Poti 40 1 2 2
4 vs 4 Forward
Center Wing Time % Phy DF OF
1 Jeff Carter Dany Heatley 60 1 2 2
2 Drew Miller Jaromir Jagr 40 1 2 2
4 vs 4 Defense
Defense Defense Time % Phy DF OF
1 Jeff Woywitka Jonathan Ericsson 60 1 2 2
2 Oliver Ekman-Larsson Tom Poti 40 1 2 2
Last Minutes Offensive
Center Left Wing Right Wing Defense Defense
Jeff Carter Dany Heatley Jaromir Jagr Jeff Woywitka Jonathan Ericsson
Last Minutes Defensive
Center Left Wing Right Wing Defense Defense
Jeff Carter Dany Heatley Jaromir Jagr Jeff Woywitka Jonathan Ericsson
Goaltenders
Starting : Cory Schneider
Backup : Steve Mason
Extra Forwards
Normal : Brian McGrattan, Chris Mcallister, Matthew Lombardi - PP : Brian McGrattan, Chris Mcallister - PK : Matthew Lombardi
Extra Defensemen
Normal : Matt Smaby, Randy Jones, Oliver Ekman-Larsson - PP : Matt Smaby - PK : Randy Jones, Oliver Ekman-Larsson
Penalty Shots
Jeff Carter, Dany Heatley, Drew Miller, Jaromir Jagr, Kyle Wellwood
Scratches
None
% Time on Ice - Blackhawks
Lines # - Real PCT - Wanted PCT - Time Play
Normal Forward
1 - 34% - 40% - 14:33
2 - 30% - 30% - 12:52
3 - 20% - 20% - 8:31
4 - 16% - 10% - 6:57
Normal Defense
1 - 40% - 40% - 17:17
2 - 36% - 30% - 15:32
3 - 21% - 20% - 9:12
4 - 2% - 10% - 0:52
PP Forward
1 - 53% - 60% - 6:52
2 - 47% - 40% - 6:10
PP Defense
1 - 61% - 60% - 7:55
2 - 39% - 40% - 5:07
PK Forward
1 - 93% - 60% - 3:42
2 - 7% - 40% - 0:16
PK Defense
1 - 79% - 60% - 3:07
2 - 21% - 40% - 0:51
PK3 Forward
1 - 0% - 60%
2 - 0% - 40%
PK3 Defense
1 - 0% - 60%
2 - 0% - 40%
44 Forward
1 - 0% - 60%
2 - 0% - 40%
44 Defense
1 - 0% - 60%
2 - 0% - 40%
Last Minute Offensive - 0:07
Last Minute Defensive - 0:00
Total
Forward - 60:00
Defense - 60:00
|
% Time on Ice - Flyers
Lines # - Real PCT - Wanted PCT - Time Play
Normal Forward
1 - 34% - 40% - 14:43
2 - 34% - 30% - 14:23
3 - 18% - 20% - 7:49
4 - 14% - 10% - 6:01
Normal Defense
1 - 39% - 40% - 16:52
2 - 34% - 30% - 14:31
3 - 25% - 20% - 10:50
4 - 2% - 10% - 0:43
PP Forward
1 - 63% - 60% - 2:29
2 - 37% - 40% - 1:29
PP Defense
1 - 73% - 60% - 2:54
2 - 27% - 40% - 1:04
PK Forward
1 - 66% - 60% - 8:36
2 - 34% - 40% - 4:26
PK Defense
1 - 56% - 60% - 7:19
2 - 44% - 40% - 5:43
PK3 Forward
1 - 0% - 60%
2 - 0% - 40%
PK3 Defense
1 - 0% - 60%
2 - 0% - 40%
44 Forward
1 - 0% - 60%
2 - 0% - 40%
44 Defense
1 - 0% - 60%
2 - 0% - 40%
Last Minute Offensive - 0:00
Last Minute Defensive - 0:04
Total
Forward - 60:00
Defense - 60:00
|
Play by Play
1st period
0:01 of 1st period - Jeff Carter wins face-off versus Derick Brassard in neutral zone.
0:54 of 1st period - Slapshot by Tyler Kennedy.
0:54 of 1st period - Stopped by Cory Schneider without a rebound.
0:55 of 1st period - Marcus Kruger wins face-off versus Kyle Brodziak in Flyers zone.
0:57 of 1st period - Minor Penalty to Matt Smaby for Cross-checking.
0:58 of 1st period - Jeff Carter wins face-off versus Derick Brassard in Flyers zone.
1:04 of 1st period - Backhand shot by Derick Brassard.
1:04 of 1st period - Stopped by Cory Schneider without a rebound.
1:05 of 1st period - Derick Brassard wins face-off versus Jeff Carter in Flyers zone.
2:12 of 1st period - Wrist shot by Derick Brassard.
2:12 of 1st period - Stopped by Cory Schneider without a rebound.
2:13 of 1st period - Drew Miller wins face-off versus Peter Regin in Flyers zone.
2:57 of 1st period - Penalty to Matt Smaby is over, Matt Smaby is back on ice.
3:15 of 1st period - Slapshot by Denis Grebeshkov.
3:15 of 1st period - Stopped by Cory Schneider without a rebound.
3:16 of 1st period - Kyle Wellwood wins face-off versus Kyle Brodziak in Flyers zone.
3:31 of 1st period - Minor Penalty to Kyle Wellwood for Holding.
3:32 of 1st period - Derick Brassard wins face-off versus Jeff Carter in Flyers zone.
5:31 of 1st period - Penalty to Kyle Wellwood is over, Kyle Wellwood is back on ice.
5:45 of 1st period - Slapshot by Ryan Johansen.
5:45 of 1st period - Shot Misses the Net.
5:59 of 1st period - Snap shot by Kyle Wellwood.
5:59 of 1st period - Stopped by Jimmy Howard without a rebound.
6:00 of 1st period - Ryan Johansen wins face-off versus Marcus Kruger in Blackhawks zone.
6:05 of 1st period - Slapshot by Denis Grebeshkov.
6:05 of 1st period - Stopped by Cory Schneider without a rebound.
6:06 of 1st period - Marcus Kruger wins face-off versus Ryan Johansen in Flyers zone.
6:06 of 1st period - Marcus Kruger is hit by Taylor Pyatt.
7:19 of 1st period - Wrist shot by Brian McGrattan.
7:19 of 1st period - Stopped by Jimmy Howard with a rebound.
7:35 of 1st period - Icing by Mike Green.
7:36 of 1st period - Marcus Kruger wins face-off versus Ryan Johansen in Blackhawks zone.
8:28 of 1st period - Snap shot by Mats Zuccarello.
8:28 of 1st period - Shot Misses the Net.
8:30 of 1st period - Slapshot by Tom Poti.
8:30 of 1st period - Stopped by Jimmy Howard with a rebound.
8:32 of 1st period - Slapshot by Oliver Ekman-Larsson.
8:32 of 1st period - Stopped by Jimmy Howard with a rebound.
8:34 of 1st period - Wrist shot by Oliver Ekman-Larsson.
8:34 of 1st period - Stopped by Jimmy Howard without a rebound.
8:35 of 1st period - Derick Brassard wins face-off versus Jeff Carter in Blackhawks zone.
8:35 of 1st period - Derick Brassard is hit by Dany Heatley.
9:16 of 1st period - Snap shot by Jakub Voracek.
9:16 of 1st period - Stopped by Jimmy Howard with a rebound.
9:32 of 1st period - Slapshot by Spencer Machacek.
9:32 of 1st period - Stopped by Cory Schneider with a rebound.
10:23 of 1st period - Slapshot by Mike Green.
10:23 of 1st period - Deflect By Tom Poti.
10:23 of 1st period - Stopped by Cory Schneider with a rebound.
10:37 of 1st period - Slapshot by Matthew Lombardi.
10:37 of 1st period - Deflect By Mike Green.
10:37 of 1st period - Shot Misses the Net.
10:37 of 1st period - Puck is out of play.
10:38 of 1st period - Matthew Lombardi wins face-off versus Kyle Brodziak in Blackhawks zone.
10:47 of 1st period - Wrist shot by Jaden Schwartz.
10:47 of 1st period - Deflect By Spencer Machacek.
10:47 of 1st period - Stopped by Cory Schneider with a rebound.
11:00 of 1st period - Icing by Matthew Lombardi.
11:01 of 1st period - Matthew Lombardi wins face-off versus Derick Brassard in Flyers zone.
11:40 of 1st period - Wrist shot by Drew Miller.
11:40 of 1st period - Shot Blocked by Mike Green.
13:12 of 1st period - Denis Grebeshkov is hit by Jeff Carter and loses puck.
14:01 of 1st period - Snap shot by Marcus Kruger.
14:01 of 1st period - Shot Misses the Net.
14:03 of 1st period - Snap shot by Marcus Kruger.
14:03 of 1st period - Shot Blocked by Denis Grebeshkov.
14:09 of 1st period - Tom Poti is hit by Jarome Iginla and loses puck.
14:24 of 1st period - Snap shot by Antoine Roussel.
14:24 of 1st period - Shot Blocked by J.T. Miller.
14:30 of 1st period - Snap shot by Derick Brassard.
14:30 of 1st period - Stopped by Cory Schneider with a rebound.
14:32 of 1st period - Snap shot by Ladislav Smid.
14:32 of 1st period - Stopped by Cory Schneider with a rebound.
14:34 of 1st period - Wrist shot by Jarome Iginla.
14:34 of 1st period - Stopped by Cory Schneider without a rebound.
14:35 of 1st period - Jeff Carter wins face-off versus Peter Regin in Flyers zone.
14:44 of 1st period - Snap shot by Jeff Carter.
14:44 of 1st period - Shot Blocked by Mike Green.
14:46 of 1st period - Snap shot by Jonathan Ericsson.
14:46 of 1st period - Shot Misses the Net.
14:48 of 1st period - Wrist shot by Jeff Carter.
14:48 of 1st period - Stopped by Jimmy Howard without a rebound.
14:49 of 1st period - Peter Regin wins face-off versus Jeff Carter in Blackhawks zone.
15:02 of 1st period - Jeff Carter is hit by Peter Regin and loses puck.
15:22 of 1st period - Wrist shot by Tyler Kennedy.
15:22 of 1st period - Shot Misses the Net.
15:24 of 1st period - Snap shot by Taylor Pyatt.
15:24 of 1st period - Shot Misses the Net.
15:31 of 1st period - Icing by Jakub Voracek.
15:32 of 1st period - Matthew Lombardi wins face-off versus Jaden Schwartz in Flyers zone.
15:32 of 1st period - Jonathan Ericsson is hit by Spencer Machacek.
15:40 of 1st period - Spencer Machacek is hit by Jonathan Ericsson and loses puck.
16:02 of 1st period - Wrist shot by Derick Brassard.
16:02 of 1st period - Shot Misses the Net.
16:08 of 1st period - Snap shot by Derick Brassard.
16:08 of 1st period - Shot Blocked by Randy Jones.
16:10 of 1st period - Snap shot by Mike Green.
16:10 of 1st period - Deflect By Dany Heatley.
16:10 of 1st period - Stopped by Cory Schneider without a rebound.
16:11 of 1st period - Kyle Wellwood wins face-off versus Peter Regin in Flyers zone.
16:11 of 1st period - Kyle Wellwood is hit by Kevin Marshall.
16:14 of 1st period - Minor Penalty to Tom Poti for Tripping.
16:15 of 1st period - Jeff Carter wins face-off versus Derick Brassard in Flyers zone.
16:49 of 1st period - Peter Regin is hit by Jaromir Jagr and loses puck.
17:06 of 1st period - Denis Grebeshkov is hit by Dany Heatley and loses puck.
17:45 of 1st period - Oliver Ekman-Larsson is hit by Tomas Fleischmann and loses puck.
17:56 of 1st period - Slapshot by Chad Larose.
17:56 of 1st period - Shot Misses the Net.
17:58 of 1st period - Snap shot by Chad Larose.
17:58 of 1st period - Shot Blocked by Randy Jones.
18:14 of 1st period - Penalty to Tom Poti is over, Tom Poti is back on ice.
18:20 of 1st period - Wrist shot by Tomas Fleischmann.
18:20 of 1st period - Shot Misses the Net.
18:22 of 1st period - Slapshot by Peter Regin.
18:22 of 1st period - Shot Misses the Net.
18:36 of 1st period - Wrist shot by Tomas Fleischmann.
18:36 of 1st period - Shot Misses the Net.
18:41 of 1st period - Icing by Matt Smaby.
18:42 of 1st period - Jeff Carter wins face-off versus Derick Brassard in Flyers zone.
18:48 of 1st period - Icing by Dany Heatley.
18:49 of 1st period - Jeff Carter wins face-off versus Derick Brassard in Flyers zone.
19:02 of 1st period - Jeff Carter is hit by Jarome Iginla and loses puck.
19:15 of 1st period - Tom Poti is hit by Jarome Iginla and loses puck.
19:26 of 1st period - Snap shot by Jarome Iginla.
19:26 of 1st period - Deflect By Derick Brassard.
19:26 of 1st period - Shot Hit the Post.
19:26 of 1st period - Puck is out of play.
19:27 of 1st period - Kyle Wellwood wins face-off versus Ryan Johansen in Flyers zone.
Goals for this period are 0 for Blackhawks vs 0 for Flyers.
Shots for this period are 12 for Blackhawks vs 7 for Flyers.
2nd period
0:01 of 2nd period - Jeff Carter wins face-off versus Derick Brassard in neutral zone.
0:26 of 2nd period - Chad Larose is hit by Kyle Wellwood and loses puck.
0:37 of 2nd period - Snap shot by Jakub Voracek.
0:37 of 2nd period - Stopped by Jimmy Howard with a rebound.
1:33 of 2nd period - Snap shot by Mats Zuccarello.
1:33 of 2nd period - Shot Misses the Net.
1:35 of 2nd period - Snap shot by Jonathan Ericsson.
1:35 of 2nd period - Shot Misses the Net.
1:37 of 2nd period - Wrist shot by J.T. Miller.
1:37 of 2nd period - Stopped by Jimmy Howard without a rebound.
1:38 of 2nd period - Derick Brassard wins face-off versus Marcus Kruger in Blackhawks zone.
1:38 of 2nd period - Derick Brassard is hit by Jeff Woywitka.
3:42 of 2nd period - Snap shot by Tomas Fleischmann.
3:42 of 2nd period - Stopped by Cory Schneider without a rebound.
3:43 of 2nd period - Jeff Carter wins face-off versus Ryan Johansen in Flyers zone.
4:14 of 2nd period - Snap shot by Jakub Voracek.
4:14 of 2nd period - Shot Misses the Net.
4:16 of 2nd period - Slapshot by Jonathan Ericsson.
4:16 of 2nd period - Stopped by Jimmy Howard without a rebound.
4:17 of 2nd period - Derick Brassard wins face-off versus Kyle Wellwood in Blackhawks zone.
4:17 of 2nd period - Derick Brassard is hit by Jakub Voracek.
4:44 of 2nd period - Off-side.
4:45 of 2nd period - Matthew Lombardi wins face-off versus Peter Regin in neutral zone.
4:58 of 2nd period - Slapshot by Denis Grebeshkov.
4:58 of 2nd period - Stopped by Cory Schneider without a rebound.
4:59 of 2nd period - Jeff Carter wins face-off versus Derick Brassard in Flyers zone.
5:04 of 2nd period - Wrist shot by Derick Brassard.
5:04 of 2nd period - Stopped by Cory Schneider without a rebound.
5:05 of 2nd period - Derick Brassard wins face-off versus Jeff Carter in Flyers zone.
5:24 of 2nd period - Mike Green is hit by Dany Heatley and loses puck.
5:43 of 2nd period - Jeff Woywitka is hit by Mike Green and loses puck.
5:50 of 2nd period - Wrist shot by Jarome Iginla.
5:50 of 2nd period - Stopped by Cory Schneider without a rebound.
5:51 of 2nd period - Peter Regin wins face-off versus Kyle Wellwood in Flyers zone.
6:04 of 2nd period - Snap shot by Jakub Voracek.
6:04 of 2nd period - Shot Blocked by Denis Grebeshkov.
6:12 of 2nd period - Minor Penalty to Oliver Ekman-Larsson for Slashing.
6:13 of 2nd period - Jeff Carter wins face-off versus Derick Brassard in Flyers zone.
6:13 of 2nd period - Jeff Carter is hit by Jarome Iginla.
8:12 of 2nd period - Penalty to Oliver Ekman-Larsson is over, Oliver Ekman-Larsson is back on ice.
8:20 of 2nd period - Slapshot by Tom Poti.
8:20 of 2nd period - Stopped by Jimmy Howard without a rebound.
8:21 of 2nd period - Ryan Johansen wins face-off versus Kyle Wellwood in Blackhawks zone.
8:46 of 2nd period - Spencer Machacek is hit by Brian McGrattan and loses puck.
8:51 of 2nd period - Snap shot by Matthew Lombardi.
8:51 of 2nd period - Stopped by Jimmy Howard with a rebound.
8:53 of 2nd period - Backhand shot by Randy Jones.
8:53 of 2nd period - Stopped by Jimmy Howard without a rebound.
8:54 of 2nd period - Kyle Wellwood wins face-off versus Peter Regin in Blackhawks zone.
8:54 of 2nd period - Kyle Wellwood is hit by Mike Green.
9:00 of 2nd period - Snap shot by Kyle Wellwood.
9:00 of 2nd period - Shot Misses the Net.
9:02 of 2nd period - Slapshot by Drew Miller.
9:02 of 2nd period - Deflect By Jakub Voracek.
9:02 of 2nd period - Stopped by Jimmy Howard with a rebound.
9:04 of 2nd period - Slapshot by Tom Poti.
9:04 of 2nd period - Shot Misses the Net.
9:20 of 2nd period - Dany Heatley is hit by Derick Brassard and loses puck.
9:29 of 2nd period - Wrist shot by Antoine Roussel.
9:29 of 2nd period - Deflect By Dany Heatley.
9:29 of 2nd period - Stopped by Cory Schneider without a rebound.
9:30 of 2nd period - Kyle Wellwood wins face-off versus Antoine Roussel in Flyers zone.
9:57 of 2nd period - Slapshot by Denis Grebeshkov.
9:57 of 2nd period - Stopped by Cory Schneider with a rebound.
9:59 of 2nd period - Snap shot by Peter Regin.
9:59 of 2nd period - Goal by Peter Regin - Blackhawks : 1 - Flyers : 0.
10:00 of 2nd period - Peter Regin wins face-off versus Jeff Carter in neutral zone.
10:14 of 2nd period - Icing by Jaromir Jagr.
10:15 of 2nd period - Derick Brassard wins face-off versus Jeff Carter in Flyers zone.
10:16 of 2nd period - Wrist shot by Jarome Iginla.
10:16 of 2nd period - Stopped by Cory Schneider with a rebound.
10:18 of 2nd period - Snap shot by Jarome Iginla.
10:18 of 2nd period - Shot Blocked by Jeff Woywitka.
10:20 of 2nd period - Snap shot by Jarome Iginla.
10:20 of 2nd period - Shot Misses the Net.
10:22 of 2nd period - Snap shot by Antoine Roussel.
10:22 of 2nd period - Stopped by Cory Schneider with a rebound.
10:24 of 2nd period - Slapshot by Mike Green.
10:24 of 2nd period - Shot Blocked by Dany Heatley.
10:26 of 2nd period - Slapshot by Mike Green.
10:26 of 2nd period - Deflect By Dany Heatley.
10:26 of 2nd period - Stopped by Cory Schneider with a rebound.
10:28 of 2nd period - Snap shot by Derick Brassard.
10:28 of 2nd period - Shot Misses the Net.
10:30 of 2nd period - Backhand shot by Jarome Iginla.
10:30 of 2nd period - Stopped by Cory Schneider without a rebound.
10:31 of 2nd period - Kyle Wellwood wins face-off versus Peter Regin in Flyers zone.
11:08 of 2nd period - Minor Penalty to Oliver Ekman-Larsson for Hooking.
11:09 of 2nd period - Jeff Carter wins face-off versus Derick Brassard in Flyers zone.
11:18 of 2nd period - Dany Heatley is hit by Antoine Roussel and loses puck.
12:49 of 2nd period - Joni Pitkanen is hit by Tom Poti and loses puck.
13:08 of 2nd period - Penalty to Oliver Ekman-Larsson is over, Oliver Ekman-Larsson is back on ice.
13:19 of 2nd period - Off-side.
13:20 of 2nd period - Kyle Wellwood wins face-off versus Ryan Johansen in neutral zone.
13:23 of 2nd period - Snap shot by Jakub Voracek.
13:23 of 2nd period - Stopped by Jimmy Howard without a rebound.
13:24 of 2nd period - Taylor Pyatt wins face-off versus Jeff Carter in Blackhawks zone.
13:35 of 2nd period - Wrist shot by Ryan Johansen.
13:35 of 2nd period - Shot Misses the Net.
14:01 of 2nd period - Snap shot by Derick Brassard.
14:01 of 2nd period - Shot Misses the Net.
14:21 of 2nd period - Snap shot by Tomas Fleischmann.
14:21 of 2nd period - Deflect By Chad Larose.
14:21 of 2nd period - Stopped by Cory Schneider with a rebound.
15:44 of 2nd period - Slapshot by Denis Grebeshkov.
15:44 of 2nd period - Stopped by Cory Schneider without a rebound.
15:45 of 2nd period - Jeff Carter wins face-off versus Derick Brassard in Flyers zone.
15:45 of 2nd period - Jeff Carter is hit by Ladislav Smid.
15:53 of 2nd period - Snap shot by Jeff Woywitka.
15:53 of 2nd period - Shot Misses the Net.
16:12 of 2nd period - Icing by Jeff Woywitka.
16:13 of 2nd period - Kyle Wellwood wins face-off versus Chad Larose in Flyers zone.
16:20 of 2nd period - Snap shot by Jakub Voracek.
16:20 of 2nd period - Stopped by Jimmy Howard without a rebound.
16:21 of 2nd period - Derick Brassard wins face-off versus Jeff Carter in Blackhawks zone.
16:26 of 2nd period - Derick Brassard is hit by Jaromir Jagr and loses puck.
16:31 of 2nd period - Snap shot by Jaromir Jagr.
16:31 of 2nd period - Stopped by Jimmy Howard with a rebound.
16:33 of 2nd period - Snap shot by Jonathan Ericsson.
16:33 of 2nd period - Shot Misses the Net.
16:35 of 2nd period - Slapshot by Jonathan Ericsson.
16:35 of 2nd period - Deflect By Jaromir Jagr.
16:35 of 2nd period - Shot Misses the Net.
16:35 of 2nd period - Puck is out of play.
16:36 of 2nd period - Peter Regin wins face-off versus Kyle Wellwood in Blackhawks zone.
16:36 of 2nd period - Peter Regin is hit by Kyle Wellwood.
17:38 of 2nd period - Snap shot by Oliver Ekman-Larsson.
17:38 of 2nd period - Deflect By Brian McGrattan.
17:38 of 2nd period - Stopped by Jimmy Howard with a rebound.
18:20 of 2nd period - Wrist shot by Jakub Voracek.
18:20 of 2nd period - Stopped by Jimmy Howard without a rebound.
18:21 of 2nd period - Derick Brassard wins face-off versus Jeff Carter in Blackhawks zone.
18:21 of 2nd period - Derick Brassard is hit by Jeff Carter.
19:43 of 2nd period - Snap shot by Spencer Machacek.
19:43 of 2nd period - Stopped by Cory Schneider with a rebound.
19:45 of 2nd period - Slapshot by Joni Pitkanen.
19:45 of 2nd period - Deflect By Matt Smaby.
19:45 of 2nd period - Stopped by Cory Schneider with a rebound.
19:55 of 2nd period - Jeff Carter is hit by Jarome Iginla.
Goals for this period are 1 for Blackhawks vs 0 for Flyers.
Shots for this period are 15 for Blackhawks vs 12 for Flyers.
3rd period
0:01 of 3rd period - Jaromir Jagr wins face-off versus Derick Brassard in neutral zone.
0:04 of 3rd period - Snap shot by Jeff Woywitka.
0:04 of 3rd period - Stopped by Jimmy Howard with a rebound.
0:09 of 3rd period - Off-side.
0:10 of 3rd period - Derick Brassard wins face-off versus Jeff Carter in neutral zone.
0:13 of 3rd period - Slapshot by Derick Brassard.
0:13 of 3rd period - Stopped by Cory Schneider with a rebound.
0:15 of 3rd period - Slapshot by Joni Pitkanen.
0:15 of 3rd period - Stopped by Cory Schneider with a rebound.
0:40 of 3rd period - Minor Penalty to Antoine Roussel for Hooking.
0:41 of 3rd period - Derick Brassard wins face-off versus Kyle Wellwood in Blackhawks zone.
0:41 of 3rd period - Derick Brassard is hit by Jonathan Ericsson.
0:52 of 3rd period - Derick Brassard is hit by Kyle Wellwood.
1:04 of 3rd period - Jarome Iginla is hit by Jakub Voracek and loses puck.
1:51 of 3rd period - Snap shot by Kyle Wellwood.
1:51 of 3rd period - Shot Blocked by Joni Pitkanen.
1:53 of 3rd period - Snap shot by Jonathan Ericsson.
1:53 of 3rd period - Shot Misses the Net.
2:09 of 3rd period - Snap shot by Drew Miller.
2:09 of 3rd period - Deflect By Jakub Voracek.
2:09 of 3rd period - Shot Misses the Net.
2:09 of 3rd period - Puck is out of play.
2:10 of 3rd period - Derick Brassard wins face-off versus Jeff Carter in Blackhawks zone.
2:38 of 3rd period - Off-side.
2:39 of 3rd period - Jeff Carter wins face-off versus Ryan Johansen in neutral zone.
2:40 of 3rd period - Penalty to Antoine Roussel is over, Antoine Roussel is back on ice.
2:42 of 3rd period - Ryan Johansen is hit by Oliver Ekman-Larsson and loses puck.
2:53 of 3rd period - Slapshot by Mats Zuccarello.
2:53 of 3rd period - Shot Blocked by Mike Green.
2:55 of 3rd period - Slapshot by J.T. Miller.
2:55 of 3rd period - Stopped by Jimmy Howard with a rebound.
2:57 of 3rd period - Snap shot by Mats Zuccarello.
2:57 of 3rd period - Shot Blocked by Antoine Roussel.
2:59 of 3rd period - Slapshot by J.T. Miller.
2:59 of 3rd period - Shot Blocked by Peter Regin.
3:58 of 3rd period - Mats Zuccarello is hit by Denis Grebeshkov and loses puck.
4:05 of 3rd period - Minor Penalty to Tom Poti for Hooking.
4:06 of 3rd period - Jeff Carter wins face-off versus Derick Brassard in Flyers zone.
4:06 of 3rd period - Jeff Carter is hit by Antoine Roussel.
4:16 of 3rd period - Jonathan Ericsson is hit by Denis Grebeshkov and loses puck.
5:33 of 3rd period - Jeff Woywitka is hit by Tomas Fleischmann and loses puck.
6:05 of 3rd period - Penalty to Tom Poti is over, Tom Poti is back on ice.
6:16 of 3rd period - Off-side.
6:17 of 3rd period - Matthew Lombardi wins face-off versus Ryan Johansen in neutral zone.
6:50 of 3rd period - Slapshot by Matt Smaby.
6:50 of 3rd period - Shot Misses the Net.
6:52 of 3rd period - Slapshot by Matt Smaby.
6:52 of 3rd period - Stopped by Jimmy Howard without a rebound.
6:53 of 3rd period - Jaromir Jagr wins face-off versus Derick Brassard in Blackhawks zone.
7:05 of 3rd period - Ladislav Smid is hit by Jonathan Ericsson and loses puck.
7:12 of 3rd period - Denis Grebeshkov is hit by Dany Heatley.
7:38 of 3rd period - Snap shot by Derick Brassard.
7:38 of 3rd period - Stopped by Cory Schneider with a rebound.
8:20 of 3rd period - Wrist shot by Ryan Johansen.
8:20 of 3rd period - Shot Blocked by Tom Poti.
8:22 of 3rd period - Wrist shot by Ryan Johansen.
8:22 of 3rd period - Shot Misses the Net.
8:34 of 3rd period - Snap shot by Spencer Machacek.
8:34 of 3rd period - Deflect By Jaden Schwartz.
8:34 of 3rd period - Stopped by Cory Schneider without a rebound.
8:35 of 3rd period - Kyle Brodziak wins face-off versus Jeff Carter in Flyers zone.
9:07 of 3rd period - Snap shot by Brian McGrattan.
9:07 of 3rd period - Shot Blocked by Mike Green.
9:09 of 3rd period - Slapshot by Randy Jones.
9:09 of 3rd period - Goal by Randy Jones - Blackhawks : 1 - Flyers : 1.
9:10 of 3rd period - Jeff Carter wins face-off versus Jarome Iginla in neutral zone.
9:15 of 3rd period - Snap shot by Jeff Carter.
9:15 of 3rd period - Shot Misses the Net.
9:17 of 3rd period - Slapshot by Jonathan Ericsson.
9:17 of 3rd period - Stopped by Jimmy Howard without a rebound.
9:18 of 3rd period - Jeff Carter wins face-off versus Derick Brassard in Blackhawks zone.
9:19 of 3rd period - Wrist shot by Dany Heatley.
9:19 of 3rd period - Shot Misses the Net.
9:58 of 3rd period - Jonathan Ericsson is hit by Joni Pitkanen and loses puck.
10:09 of 3rd period - Wrist shot by Dany Heatley.
10:09 of 3rd period - Shot Misses the Net.
10:11 of 3rd period - Backhand shot by Jeff Carter.
10:11 of 3rd period - Goal by Jeff Carter - Blackhawks : 1 - Flyers : 2.
10:12 of 3rd period - Kyle Wellwood wins face-off versus Peter Regin in neutral zone.
10:19 of 3rd period - Slapshot by Jakub Voracek.
10:19 of 3rd period - Stopped by Jimmy Howard without a rebound.
10:20 of 3rd period - Kyle Wellwood wins face-off versus Peter Regin in Blackhawks zone.
10:23 of 3rd period - Snap shot by Jakub Voracek.
10:23 of 3rd period - Deflect By Drew Miller.
10:23 of 3rd period - Stopped by Jimmy Howard with a rebound.
10:47 of 3rd period - Snap shot by Oliver Ekman-Larsson.
10:47 of 3rd period - Stopped by Jimmy Howard with a rebound.
10:53 of 3rd period - Oliver Ekman-Larsson is hit by Peter Regin and loses puck.
11:34 of 3rd period - Snap shot by Jakub Voracek.
11:34 of 3rd period - Shot Blocked by Tomas Fleischmann.
11:40 of 3rd period - Denis Grebeshkov is hit by Kyle Wellwood and loses puck.
11:47 of 3rd period - Snap shot by Drew Miller.
11:47 of 3rd period - Shot Misses the Net.
11:55 of 3rd period - Slapshot by Denis Grebeshkov.
11:55 of 3rd period - Deflect By Kyle Wellwood.
11:55 of 3rd period - Stopped by Cory Schneider with a rebound.
12:14 of 3rd period - Minor Penalty to Peter Regin for Interference.
12:15 of 3rd period - Derick Brassard wins face-off versus Jeff Carter in Blackhawks zone.
13:15 of 3rd period - Brian McGrattan is hit by Jarome Iginla and loses puck.
14:14 of 3rd period - Penalty to Peter Regin is over, Peter Regin is back on ice.
16:37 of 3rd period - Jaromir Jagr is hit by Mike Green and loses puck.
18:51 of 3rd period - Minor Penalty to Oliver Ekman-Larsson for Roughing.
18:52 of 3rd period - Jeff Carter wins face-off versus Derick Brassard in Flyers zone.
19:00 of 3rd period - Blackhawks, Jimmy Howard is pulled from the net.
19:16 of 3rd period - Jeff Carter is hit by Tomas Fleischmann and loses puck.
19:35 of 3rd period - Wrist shot by Drew Miller.
19:35 of 3rd period - Goal by Drew Miller - Blackhawks : 1 - Flyers : 3.
19:35 of 3rd period - Jimmy Howard from Blackhawks was sent back in the game.
19:36 of 3rd period - Jeff Carter wins face-off versus Derick Brassard in neutral zone.
Goals for this period are 0 for Blackhawks vs 3 for Flyers.
Shots for this period are 5 for Blackhawks vs 10 for Flyers.
Back to the Top